 Dungeon Crawl Stone Soup version 0.31.0-11-ge490571c62 (webtiles) character file.

Game seed: 336777554895774681

205 ces the Conjurer (level 5, -7/24 HPs)
             Began as a Felid Conjurer on Feb 1, 2024.
             Mangled by an iguana (14 damage)
             ... on level 4 of the Dungeon.
             The game lasted 00:07:34 (3503 turns).

ces the Conjurer (Felid Conjurer)                   Turns: 3503, Time: 00:07:35

Health: -7/24      AC:  1    Str:  3    XL:     5   Next: 52%
Magic:  2/11       EV: 17    Int: 21    God:
Gold:   108        SH:  0    Dex: 17    Spells: 3/10 levels left
                                        Lives:  0   Deaths: 2

rFire   . . .        (weapon unavailable)
rCold   . . .        (shield unavailable)
rNeg    . . .        (body armour unavailable)
rPois   .            (helmet unavailable)
rElec   .            (cloak unavailable)
rCorr   .            (gloves unavailable)
SInv    +            (boots unavailable)
Will    .....        (no amulet)
Stlth   ++           (no ring)
HPRegen 0.24/turn    (no ring)
MPRegen 0.12/turn

%: no passive effects
@: no status effects
A: very small, claws 1, fangs 3, see invisible, shaggy fur 1, stealthy paws, no
weapons or thrown items, no armour, multi-lived
a: no special abilities


You were on level 4 of the Dungeon.
You visited 1 branch of the dungeon, and saw 4 of its levels.

You collected 108 gold pieces.

Inventory:

Scrolls
 a - a scroll of enchant weapon {unknown}
 c - a scroll of fear {unknown}
 e - a scroll of blinking {unknown}
 f - a scroll of teleportation
Potions
 b - a potion of might
 d - 4 potions of brilliance


   Skills:
 - Level 2.6 Dodging
 - Level 2.6 Stealth
 + Level 3.3 Spellcasting
 - Level 5.4 Conjurations
 + Level 1.0 Hexes
 + Level 0.5 Ice Magic


You had 3 spell levels left.
You knew the following spells:

 Your Spells              Type           Power      Damage    Failure   Level
a - Magic Dart            Conj           100%       1d8       1%          1
b - Searing Ray           Conj           52%        2d6       1%          2
c - Lesser Beckoning      Tloc           6%         N/A       19%         2
d - Ensorcelled Hibernat  Hex/Ice        12%        N/A       14%         2

Your spell library contained the following spells:

 Spells                   Type           Power      Damage    Failure   Level
 Tukima's Dance           Hex            7%         N/A       26%         3
 Fugue of the Fallen      Necr           3%         N/A       36%         3
 Gell's Gravitas          Tloc           3%         N/A       36%         3
 Teleport Other           Tloc           3%         N/A       36%         3
 Fulminant Prism          Conj/Alch      7%         3d7       38%         4
 Iskenderun's Mystic Bla  Conj/Tloc      14%        2d5       38%         4
 Anguish                  Hex/Necr       2%         N/A       71%         4
 Dimensional Bullseye     Hex/Tloc       Unusable   N/A       N/A         4

Dungeon Overview and Level Annotations

Branches:
Dungeon (4/15)             Temple (0/1) D:4

Altars:
Elyvilon
Zin
The Shining One

Shops:
D:3 (

Annotations:
D:3 Ijyb


Innate Abilities, Weirdness & Mutations

You have sharp claws.
You have razor-sharp teeth.
You have supernaturally acute eyesight. (SInv)
You are covered in fur. (AC +1)
Your paws help you pounce on unaware monsters.
You are incapable of wielding weapons or throwing items.
You cannot wear armour.
You gain extra lives every three experience levels.


Message History

Confirm with . or Enter, or press ? or * to list all spells.
Aiming: Magic Dart (safe; 1% risk of failure)
Press: ? - help, Shift-Dir - straight line, f/p - iguana
Aim: an iguana (100% to hit)
The magic dart hits the iguana but does no damage.
Casting: Magic Dart (safe; 1% risk of failure)
Confirm with . or Enter, or press ? or * to list all spells.
Aiming: Magic Dart (safe; 1% risk of failure)
Press: ? - help, Shift-Dir - straight line, f/p - iguana
Aim: an iguana (100% to hit)
The magic dart hits the iguana but does no damage.
Casting: Magic Dart (safe; 1% risk of failure)
Confirm with . or Enter, or press ? or * to list all spells.
Aiming: Searing Ray (safe; 1% risk of failure)
Press: ? - help, Shift-Dir - straight line, f/p - iguana
Aim: an iguana (82% to hit)
The searing ray misses the iguana. (Press . to maintain the ray.)
The iguana barely misses you.
Casting: Searing Ray (safe; 1% risk of failure)
Confirm with . or Enter, or press ? or * to list all spells.
Restarting spell: Searing Ray (safe; 1% risk of failure)
Press: ? - help, Shift-Dir - straight line, f/p - iguana
Aim: an iguana (82% to hit)
The searing ray hits the iguana!
The iguana is heavily wounded. (Press . to maintain the ray.)
The iguana bites you.
The searing ray misses the iguana.
The iguana bites you.
The searing ray hits the iguana.
The iguana is severely wounded.
The iguana bites you!
* * * LOW HITPOINT WARNING * * *
The searing ray hits the iguana.
The iguana is almost dead.
You finish channelling your searing ray.
The iguana barely misses you. The iguana bites you!
Ouch! That really hurt!
You die...

.. ####.# .....#
.....# ##########
.....# >........#
.....#
.........##l....#
..........@.....#
...).....##..<..#
########.# .....#
#.# .....#
#.###########
#.##......(..
#....########
#####.# ........
#.....#


You could see an iguana.

Vanquished Creatures
  A jelly (D:4)
  Terence (D:3)
  Robin (D:3)
  9 adders
  2 dart slugs
  3 ball pythons
  2 endoplasms
  A giant cockroach (D:1)
  11 goblins
  10 hobgoblins
  7 kobolds
  3 bats
  2 frilled lizards
  2 rats (D:2)
55 creatures vanquished.

Notes
Turn   | Place    | Note
-------+----------+-------------------------------------------
     0 | D:1      | ces the Felid Conjurer began the quest for the Orb.
     0 | D:1      | Reached XP level 1. HP: 9/9 MP: 4/4
   281 | D:1      | Reached skill level 4 in Conjurations
   492 | D:1      | Reached XP level 2. HP: 13/13 MP: 4/6
  1252 | D:2      | Reached XP level 3. HP: 4/16 MP: 0/7
  2007 | D:2      | Reached XP level 4. HP: 21/21 MP: 5/9
  2007 | D:2      | Gained a life (2 lives remaining)
  2079 | D:2      | Found a faded altar of an unknown god.
  2097 | D:2      | Learned a level 2 spell: Searing Ray
  2100 | D:2      | Learned a level 2 spell: Lesser Beckoning
  2403 | D:3      | Noticed Terence
  2503 | D:3      | Killed Terence
  2504 | D:3      | Reached skill level 5 in Conjurations
  2637 | D:3      | Noticed Robin
  2644 | D:3      | Killed Robin
  2645 | D:3      | Reached XP level 5. HP: 24/24 MP: 6/10
  2793 | D:3      | Found a faded altar of an unknown god.
  2967 | D:3      | Learned a level 2 spell: Ensorcelled Hibernation
  3108 | D:3      | Found a glowing golden altar of the Shining One.
  3108 | D:3      | Found a white marble altar of Elyvilon.
  3108 | D:3      | Found a glowing silver altar of Zin.
  3152 | D:3      | Found Juhicsecs's Weapon Shop.
  3261 | D:3      | Noticed Ijyb
  3270 | D:3      | Slain by Ijyb
  3270 | D:3      | Lost a life (1 life remaining)
  3296 | D:3      | Blown up by Ijyb
  3296 | D:3      | Lost a life (0 lives remaining)
  3352 | D:4      | Reached skill level 1 in Hexes
  3400 | D:4      | Found a staircase to the Ecumenical Temple.
  3503 | D:4      | Mangled by an iguana

Illustrated notes

Levels and vault maps discovered:
D:1:      dpeg_arrival_rooms_b, layout_basic, chequers_avenue, nrook_campfire
D:2:      layout_loops_ring, shapermc_ecumenical_altar_notcrosses
D:3:      layout_basic, good_gods_mini_temple,
          nicolae_overflow_ecumenical_swirl, serial_shops,
          nicolae_shop_back_alley_shop, uniq_terence, uniq_robin, uniq_ijyb
D:4:      layout_basic, minmay_temple_entry_drinking_statues

Skill      XL: |  1  2  3  4  5 |
---------------+----------------+-----
Conjurations   | 4 5 |  5.4
Spellcasting   | 3 |  3.3
Hexes          | 1 |  1.0
Dodging        | |  2.6
Stealth        | |  2.6
Ice Magic      | |  0.5

Action                     |  1- 3 |  4- 6 || total
---------------------------+-------+-------++-------
  Melee: Unarmed           |     2 |     3 ||     5
   Cast: Magic Dart        |    66 |    45 ||   111
         Searing Ray       |       |    11 ||    11
    Use: Potion            |     3 |     2 ||     5
         Scroll            |       |     2 ||     2
 Armour: Skin              |     6 |    19 ||    25
  Dodge: Dodged            |    10 |    33 ||    43
